 Dungeon Crawl Stone Soup version 0.19.0-2-gae57169 (webtiles) character file.

95 MovingMist the Shield-Bearer (level 4, 0/29 HPs)
             Began as a Gargoyle Fighter on Nov 5, 2016.
             Slain by a gnoll
             ... wielding a +0 halberd
              (10 damage)
             ... on level 2 of the Dungeon.
             The game lasted 00:03:25 (1147 turns).

MovingMist the Shield-Bearer (Gargoyle Fighter)     Turns: 1147, Time: 00:03:25

Health: 0/29       AC: 10    Str: 20    XL:     4   Next: 65%
Magic:  4/4        EV:  7    Int:  8    God:
Gold:   111        SH:  9    Dex: 10    Spells: 0 memorised, 3 levels left

rFire  . . .     SeeInvis .     a - +0 flail
rCold  . . .     Gourm    .     b - +0 scale mail
rNeg   + . .     Faith    .     c - +0 shield
rPois  ∞         Spirit   .     (no helmet)
rElec  +         Reflect  .     (no cloak)
rCorr  .         Harm     .     (no gloves)
MR     .....                    (no boots)
Stlth  ..........               (no amulet)
                                (no ring)
                                (no ring)

@: no status effects
A: negative energy resistance 1, electricity resistance, unbreathing,
petrification resistance, rot immunity, AC +3
a: no special abilities


You were on level 2 of the Dungeon.
You were not hungry.

You visited 1 branch of the dungeon, and saw 2 of its levels.

You collected 111 gold pieces.

Inventory:

Hand Weapons
 a - a +0 flail (weapon)
 n - a +4 quarterstaff of chaos
Armour
 b - a +0 scale mail (worn)
 c - a +0 shield (worn)
Wands
 m - a wand of random effects (22/48)
Scrolls
 h - a scroll of fear {unknown}
 j - 3 scrolls of identify {unknown}
Potions
 d - a potion of might
 e - 2 potions of invisibility {unknown}
 g - 2 potions of cancellation {unknown}
Comestibles
 f - a bread ration
 i - a royal jelly
 k - a meat ration
 l - 6 fruits
 o - a chunk of flesh


   Skills:
 + Level 3.7 Fighting
 * Level 3.4 Maces & Flails
 - Level 3.2 Armour
 + Level 1.0 Dodging
 + Level 4.1 Shields


You had 3 spell levels left.
You didn't know any spells.

Dungeon Overview and Level Annotations

Branches:
Dungeon (2/15)

Altars:
Fedhas


Innate Abilities, Weirdness & Mutations

You are resistant to torment.
Your stone body is resilient. (AC +3)
You are immune to poison.
You resist negative energy. (rN+)
You are resistant to electric shocks. (rElec)
You can survive without breathing.
You are immune to petrification.
You are immune to rotting.


Message History

You see here a rat corpse.
You butcher the rat corpse.
o - a chunk of flesh A quokka comes into view.
A leopard gecko and 2 gnolls come into view.
The leopard gecko hisses angrily.
The gnoll shouts! x2
A gnoll comes into view. It is wielding a halberd.
The gnoll shouts!
You hit the quokka.
You kill the quokka!
You barely miss the gnoll. The gnoll hits you.
You hit the gnoll.
The gnoll is moderately wounded.
You barely miss the leopard gecko. The leopard gecko bites you.
The gnoll hits you. The leopard gecko barely misses you.
You block the gnoll's attack.
You barely miss the leopard gecko. The gnoll hits you.
The leopard gecko bites you.
The gnoll hits you from afar with a halberd!
You die...

#### .......
.... ......#
#### .......
####### .......
......###
.......
#####...###
......# ###...##
###g.....#
###..#
#@lg.....#
##.###
#g#..#####
#...###.#..#
###.....#..#
#.....###..#
#.##.......#
#.#######....
####.#######....
##.
##........#.....
....


You could see 3 gnolls and a leopard gecko.

Vanquished Creatures
  Crazy Yiuf (D:2)
  Jessica (D:2)
  An adder (D:2)
  An ooze (D:2)
  A leopard gecko (D:2)
  2 giant cockroaches
  5 goblins
  4 hobgoblins
  5 kobolds (D:1)
  A quokka (D:2)
  3 bats (D:1)
  2 rats (D:2)
27 creatures vanquished.

Notes
Turn   | Place    | Note
-------+----------+-------------------------------------------
     0 | D:1      | MovingMist the Gargoyle Fighter began the quest for the Orb.
     0 | D:1      | Reached XP level 1. HP: 14/14 MP: 1/1
   192 | D:1      | Reached XP level 2. HP: 19/19 MP: 2/2
   654 | D:2      | Reached XP level 3. HP: 22/23 MP: 3/3
   665 | D:2      | Noticed Jessica
   701 | D:2      | Killed Jessica
   701 | D:2      | Reached skill level 4 in Shields
   701 | D:2      | Reached XP level 4. HP: 25/28 MP: 4/4
   861 | D:2      | Found a runed door.
   879 | D:2      | Found a blossoming altar of Fedhas.
   942 | D:2      | Noticed Crazy Yiuf
   986 | D:2      | Killed Crazy Yiuf
   986 | D:2      | Reached skill level 1 in Dodging
  1147 | D:2      | Slain by a gnoll

Skill      XL: |  1  2  3  4 |
---------------+-------------+-----
Maces & Flails | 3 |  3.4
Shields        | 4 |  4.1
Dodging        | 1 |  1.0
Fighting       | |  3.7
Armour         | |  3.2

Action                   |  1- 3 |  4- 6 || total
-------------------------+-------+-------++-------
Melee: Flail             |    93 |    34 ||   127
  Eat: Chunk             |       |     1 ||     1
Armor: Scale mail        |    60 |    11 ||    71
Dodge: Dodged            |    32 |     3 ||    35
Block: Shield            |    57 |    18 ||    75
